 Dungeon Crawl Stone Soup version 0.29.1-13-g9f3cf754e1 (webtiles) character file.

Game seed: 16187339541778622889

235 DemonSlayer the Digger (level 5, 0/35 HPs)
             Began as a Demonspawn Earth Elementalist on Jan 22, 2023.
             Was an Initiate of Cheibriados.
             Slain by an iguana (13 damage)
             ... on level 4 of the Dungeon.
             The game lasted 00:05:58 (4110 turns).

DemonSlayer the Digger (DsEE)                       Turns: 4110, Time: 00:05:59

Health: 0/35       AC:  3    Str: 11    XL:     5   Next: 76%
Magic:  6/10       EV: 12    Int: 18    God:    Cheibriados [......]
Gold:   163        SH:  0    Dex: 14    Spells: 5/11 levels left

rFire   . . .      SeeInvis .   q - +1 mace (protect)
rCold   . . .      Faith    .   c - orb {*Rage}
rNeg    . . .      Spirit   .   a - +0 robe
rPois   .          Reflect  .   (no helmet)
rElec   .          Harm     .   p - +0 cloak
rCorr   .          Rampage  .   (no gloves)
Will    .....      Rage     20% (no boots)
Stlth   ++........              (no amulet)
HPRegen 0.11/turn               (no ring)
MPRegen 0.12/turn               (no ring)

@: very slightly contaminated, very slow
A: foul stench 2, demonic touch 1
a: Renounce Religion


You were on level 4 of the Dungeon.
You worshipped Cheibriados.
Cheibriados was noncommittal.
You visited 1 branch of the dungeon, and saw 4 of its levels.

You collected 163 gold pieces.

Inventory:

Hand Weapons
 q - a +1 mace of protection (weapon)
Armour
 a - a +0 robe (worn)
 c - an orb of wrath (worn)
 p - a +0 cloak (worn)
Wands
 i - a wand of roots (10)
 t - a wand of mindburst (11)
Scrolls
 d - 2 scrolls of blinking
 k - 2 scrolls of amnesia {unknown}
 m - a scroll of butterflies {unknown}
 n - 3 scrolls of enchant armour {unknown}
 o - a scroll of summoning {unknown}
 v - a scroll of immolation {unknown}
 w - a scroll of fear {unknown}
 x - a scroll of poison {unknown}
Potions
 b - a potion of magic
 e - 3 potions of heal wounds
 f - a potion of resistance {unknown}
 g - a potion of brilliance {unknown}
 h - a potion of flight {unknown}
 j - 3 potions of berserk rage {unknown}
 l - a potion of haste {unknown}
 r - 2 potions of might {unknown}
 s - a potion of curing {unknown}
 u - a potion of mutation {unknown}
 z - a potion of attraction {unknown}


   Skills:
 + Level 0.1 Fighting
 + Level 0.1 Short Blades
 + Level 2.0 Dodging
 + Level 2.7 Stealth
 + Level 3.6 Spellcasting
 + Level 0.8 Transmutations
 + Level 4.4 Earth Magic


You had 5 spell levels left.
You knew the following spells:

 Your Spells              Type           Power      Damage    Failure   Level
a - Sandblast             Erth           38%        2d10      2%          1
b - Passwall              Tmut/Erth      10%        N/A       8%          2
c - Stone Arrow           Conj/Erth      22%        3d8       19%         3

Your spell library contained the following spells:

 Spells                   Type           Power      Damage    Failure   Level
 Foxfire                  Conj/Fire      12%        2x1d4     16%         1
 Blink                    Tloc           6%         N/A       24%         2
 Lesser Beckoning         Tloc           3%         N/A       43%         3
 Petrify                  Tmut/Erth      12%        N/A       45%         4
 Manifold Assault         Tloc           3%         N/A       99%         5
 Conjure Ball Lightning   Conj/Air       1%         3x3d6     100%        6
 Simulacrum               Ice/Necr       1%         N/A       100%        6
 Borgnjor's Revivificati  Necr           1%         N/A       100%        8


Dungeon Overview and Level Annotations

Branches:
Dungeon (4/15)
 Temple: D:4-7

Altars:
Cheibriados

Annotations:
D:1 1 transporter


Innate Abilities, Weirdness & Mutations

You sometimes emit foul miasma when damaged in melee.
Your touch may inflict minor irresistible damage on your foes.


Message History

Found 7 stones.
A kobold comes into view. It is wielding a +0 whip.
A kobold is nearby!
A kobold is nearby!
A kobold is nearby!
You can't see any susceptible monsters within range! (Use Z to cast anyway.)
The kobold shouts!
You see here a fuming brown potion.
The blast of sand hits the kobold.
You kill the kobold!
Cheibriados appreciates the change of pace.
You can't see any susceptible monsters within range! (Use Z to cast anyway.)
You can't see any susceptible monsters within range! (Use Z to cast anyway.)
z - a fuming brown potion An iguana comes into view.
Found 15 gold pieces.
The iguana closely misses you.
An iguana is nearby!
An iguana is nearby!
The blast of sand hits the iguana.
The iguana is moderately wounded.
The iguana bites you!
You miscast Sandblast.
You are very lightly contaminated with residual magic.
Nothing appears to happen.
The iguana closely misses you.
The blast of sand hits the iguana!
The iguana is severely wounded.
The iguana closely misses you. The iguana bites you!
You are too injured to fight recklessly!
You are too injured to fight recklessly!
You are too injured to fight recklessly!
Unknown command.
Casting: Sandblast (safe; 2% risk of failure)
Confirm with . or Enter, or press ? or * to list all spells.
Aiming: Sandblast (safe; 2% risk of failure)
Press: ? - help, Shift-Dir - straight line, f/p - iguana
Aim: an iguana (severely wounded, 84% to hit)
The blast of sand hits the iguana but does no damage.
The iguana is severely wounded.
The iguana bites you!
You die...

#..(..............
#.################
#.# #.# #.# #.#
#.# #.# #@#
$.....l.#
#########


You could see an iguana.

Vanquished Creatures
  A necrophage (D:4)
  A jelly (D:4)
  7 adders
  A worm (D:3)
  2 dart slugs
  3 orcs (D:3)
  3 ball pythons
  6 endoplasms
  5 giant cockroaches
  5 goblins
  8 hobgoblins
  3 jackals (D:3)
  8 quokkas
  5 bats
  5 kobolds
  7 rats
70 creatures vanquished.

Notes
Turn   | Place    | Note
-------+----------+-------------------------------------------
     0 | D:1      | DemonSlayer the Demonspawn Earth Elementalist began the
                  | quest for the Orb.
     0 | D:1      | Reached XP level 1. HP: 13/13 MP: 3/3
   228 | D:1      | Reached skill level 3 in Earth Magic
   308 | D:1      | Gained mutation: Your touch may inflict minor irresistible
                  | damage on your foes. [demonic ancestry]
   308 | D:1      | Reached XP level 2. HP: 19/19 MP: 3/5
   311 | D:1      | Learned a level 2 spell: Passwall
   341 | D:1      | Got the Precepts of Macabre Breath
  1024 | D:1      | Gained mutation: You may rarely emit foul miasma when
                  | damaged in melee. [demonic ancestry]
  1024 | D:1      | Reached XP level 3. HP: 24/24 MP: 1/6
  1203 | D:1      | Learned a level 3 spell: Stone Arrow
  2081 | D:2      | Found a faded altar of an unknown god.
  2090 | D:2      | Got Plato's Dissertation on Heat
  2403 | D:3      | Reached XP level 4. HP: 30/30 MP: 3/7
  3195 | D:3      | Reached skill level 4 in Earth Magic
  3585 | D:4      | Gained mutation: You sometimes emit foul miasma when
                  | damaged in melee. [demonic ancestry]
  3585 | D:4      | Reached XP level 5. HP: 11/35 MP: 3/9
  3809 | D:4      | Found a snail-covered altar of Cheibriados.
  3817 | D:4      | Became a worshipper of Cheibriados the Contemplative
  4110 | D:4      | Slain by an iguana

Illustrated notes

Levels and vault maps discovered:
D:1:      spicycebolla_arrival_risky_transporter, layout_rooms, minivault_25
D:2:      layout_loops_ring, shapermc_ecumenical_altar_rom_forum
D:3:      layout_basic
D:4:      layout_basic, lemuel_round_altar, nemelex_xobeh_ov_fountains_minmay

Skill      XL: |  1  2  3  4 |
---------------+-------------+-----
Earth Magic    | 3 4 |  4.4
Stealth        | 2 |  2.7
Dodging        | 2 |  2.0
Spellcasting   | 3 |  3.6
Fighting       | |  0.1
Short Blades   | |  0.1
Transmutations | |  0.8

Action                   |  1- 3 |  4- 6 || total
-------------------------+-------+-------++-------
Melee: Unarmed           |     7 |       ||     7
       Long sword        |     8 |       ||     8
       Short sword       |     2 |       ||     2
       Mace              |       |     4 ||     4
 Cast: Sandblast         |    53 |    50 ||   103
  Use: Scroll            |     3 |       ||     3
Armor: Robe              |     4 |     9 ||    13
Dodge: Dodged            |    16 |    20 ||    36
